AoeStats
← Maslive

Yucatan

510657832Analyzed
2v2 RM · 8h ago on Oct 2, 2026· 71m 57s· 4 players
Game mode
Random Map
Map size
Medium (4 player)
Population
200
Speed
Normal
Resources
Standard
Victory
Conquest
Starting age
Dark Age
Ending age
Imperial Age
RankedLock teamsTeams togetherTeam positionsShared explorationLock speedFull tech treeHidden civsTurbo modeCheats
Victory
Defeat
🇺🇸 Italians · United States
1220
+13
🇺🇸 Maya · United States
1155
+15
🇺🇸 Mongols · United States
1147
-14
🇺🇸 Shu · United States
1147
-14
Maslive
0:28 Loom
10:38 Feudal Age
17:30 Castle Age
19:09 Squires
20:10 Forging
22:18 Iron Casting
24:03 Eagle Warrior
26:15 Scale Mail Armor
26:51 Iron Casting
26:36 Fletching
26:46 Padded Archer Armor
27:58 Horse Collar
29:34 Wheelbarrow
29:53 Chain Mail Armor
32:38 Hand Cart
34:09 Double-Bit Axe
38:16 Imperial Age
36:36 Bodkin Arrow
36:57 Leather Archer Armor
37:55 Gold Mining
38:05 Stone Mining
39:24 Conscription
40:15 Blast Furnace
39:48 Plate Mail Armor
39:51 Ring Archer Armor
39:24 Bracer
40:55 Blast Furnace
40:03 Elite Eagle Warrior
42:46 Holcans
44:32 Ring Archer Armor
43:40 Pikeman
63:23 Elite Skirmisher
64:09 Thumb Ring
buzzkill
4:40 Loom
10:15 Feudal Age
17:27 Castle Age
15:51 Double-Bit Axe
19:03 Bow Saw
21:51 Wheelbarrow
22:27 Ballistics
25:32 Fletching
26:44 Elite Skirmisher
27:12 Elite Skirmisher
27:59 Thumb Ring
28:29 Bodkin Arrow
30:27 Padded Archer Armor
31:12 Hand Cart
30:45 Town Watch
34:55 Imperial Age
33:13 Leather Archer Armor
35:30 Fortified Wall
35:16 Murder Holes
36:43 Chemistry
35:47 Bracer
36:18 Ring Archer Armor
36:28 Onager
42:33 Husbandry
42:45 Bloodlines
41:59 Light Cavalry
43:54 Hussar
53:11 Two-Man Saw
51:58 Cavalier
58:39 Scale Barding Armor
58:45 Forging
59:26 Forging
60:12 Chain Barding Armor
60:19 Chain Barding Armor
64:34 Plate Barding Armor
64:36 Iron Casting
kurlie34
5:17 Loom
9:45 Feudal Age
12:10 Double-Bit Axe
16:57 Castle Age
15:26 Fletching
18:14 Crossbowman
20:37 Bow Saw
22:55 Bodkin Arrow
26:44 Wheelbarrow
26:22 Padded Archer Armor
26:44 Ballistics
27:10 Town Watch
28:42 Town Patrol
32:51 Imperial Age
30:34 Horse Collar
32:25 Leather Archer Armor
33:16 Hand Cart
33:15 Thumb Ring
34:42 Two-Man Saw
33:17 Elite Skirmisher
36:00 Ring Archer Armor
35:31 Bracer
36:17 Arbalester
37:26 Onager
39:11 Conscription
44:25 Chemistry
44:55 Siege Engineers
47:49 Capped Ram
49:22 Siege Ram
50:33 Bolt Magazine
63:14 Careening
63:15 Masonry
63:26 Shipwright
63:02 Murder Holes
63:22 Fortified Wall
70:39 Pikeman
71:20 Squires
Didier Drogba
1:34 Loom
12:00 Feudal Age
12:58 Double-Bit Axe
17:09 Castle Age
15:40 Gold Mining
17:30 Stone Mining
17:22 Horse Collar
18:28 Bow Saw
18:04 Elite Skirmisher
18:57 Bloodlines
26:41 Light Cavalry
28:32 Scale Barding Armor
28:19 Fletching
33:53 Imperial Age
32:06 Padded Archer Armor
33:57 Husbandry
34:00 Heavy Plow
35:09 Ballistics
36:04 Wheelbarrow
35:00 Capped Ram
36:56 Thumb Ring
37:10 Forging
37:31 Conscription
38:49 Stone Shaft Mining
38:51 Gold Shaft Mining
38:53 Stone Shaft Mining
38:59 Bodkin Arrow
39:25 Chain Barding Armor
39:41 Iron Casting
39:02 Heavy Scorpion
40:32 Bracer
39:56 Elite Steppe Lancer
42:05 Leather Archer Armor
43:10 Drill
43:00 Siege Ram
43:43 Nomads
45:14 Chemistry
44:20 Siege Engineers
44:40 Elite Mangudai
48:43 Murder Holes
48:59 Hussar
68:49 Heavy Camel Rider
Connection lost

Rejoining the realm…

Still unreachable

The connection could not be restored.

Session expired

The server has moved on; the page needs a fresh start.